 Dungeon Crawl Stone Soup version 0.26-a0-651-gb41185065b (webtiles) character file.

Game seed: 12875370818895231592

48 DogServant the Caller (level 3, -1/19 HPs)
             Began as a Tengu Summoner on Sept 29, 2020.
             Slain by a hound (5 damage)
             ... on level 2 of the Dungeon.
             The game lasted 00:03:08 (2304 turns).

DogServant the Caller (Tengu Summoner)              Turns: 2304, Time: 00:03:09

Health: -1/19      AC:  5    Str:  9    XL:     3   Next: 72%
Magic:  7/7        EV: 12    Int: 15    God:
Gold:   64         SH:  0    Dex: 14    Spells: 5/6 levels left

rFire    . . .     SeeInvis .   n - +0 dagger (flame)
rCold    . . .     Faith    .   (no shield)
rNeg     . . .     Spirit   .   k - +0 ring mail
rPois    .         Reflect  .   (helmet restricted)
rElec    .         Harm     .   (no cloak)
rCorr    .         Rampage  .   i - -1 pair of gloves (curse)
MR       .....                  (boots unavailable)
Stlth    +.........             (no amulet)
HPRegen  0.06/turn              (no ring)
MPRegen  0.10/turn              (no ring)

@: no status effects
A: beak, talons 3
a: no special abilities


You were on level 2 of the Dungeon.
You visited 1 branch of the dungeon, and saw 2 of its levels.

You collected 64 gold pieces.

Inventory:

Hand Weapons
 l - a +0 hunting sling
 n - a +0 dagger of flaming (weapon)
Armour
 a - a +0 robe
 i - a cursed -1 pair of gloves (worn)
 k - a +0 ring mail (worn)
Wands
 o - a wand of random effects (17)
Scrolls
 c - 2 scrolls of identify {unknown}
 f - a scroll of teleportation {unknown}
 h - 2 scrolls of remove curse {unknown}
 p - a scroll of magic mapping {unknown}
 q - a scroll of blinking {unknown}
Potions
 d - 2 potions of curing
 e - a potion of resistance {unknown}
 g - a potion of degeneration {unknown}
 j - a potion of might {unknown}
 m - a potion of lignification {unknown}


   Skills:
 + Level 4.2 Dodging
 - Level 2.0 Stealth
 - Level 2.0 Spellcasting
 - Level 4.9 Summonings


You had 5 spell levels left.
You knew the following spells:

 Your Spells              Type           Power        Failure   Level
a - Summon Small Mammal   Summ           ###.         9%          1

Your spell library contained the following spells:

 Spells                   Type           Power        Failure   Level
 Call Imp                 Summ           ###.....     12%         2
 Call Canine Familiar     Summ           ###.....     24%         3
 Summon Guardian Golem    Hex/Summ       #.......     56%         3
 Summon Ice Beast         Ice/Summ       #.......     92%         4
 Summon Lightning Spire   Summ/Air       #.......     92%         4


Dungeon Overview and Level Annotations

Branches:
Dungeon (2/15)

Altars:


Innate Abilities, Weirdness & Mutations

You have a beak for a mouth.
You have claws for feet.


Message History

You peck the hound, but do no damage.
The hound is heavily wounded.
The hound barely misses you. The hound bites you.
You hit the hound. You burn the hound. Your peck misses the hound.
The hound is severely wounded.
The hound bites you.
You are too injured to fight recklessly!
You are too injured to fight recklessly!
You are too injured to fight recklessly!
You closely miss the hound. Your peck misses the hound.
The hound is severely wounded.
The hound barely misses you. The hound bites you.
* * * LOW HITPOINT WARNING * * *
You closely miss the hound.
The hound is severely wounded.
The hound bites you but does no damage.
You barely miss the hound. Your peck misses the hound.
The hound is severely wounded.
The hound barely misses you. The hound bites you.
You die...

...........#####..............
...............'..............
#######....#####..............
#....#####..............
##......##..............
#......##........#####)
#......##........# #.
###.############## .. #.##@#
... #.##h# .... ##.##)#
#############. #...(.#
#........ .. #.....###........
.. #......((........
#......#.........
#......#.........
#............?...


You could see a hound.

Vanquished Creatures
  An adder (D:2)
  A dart slug (D:2)
  A leopard gecko (D:1)
  3 bats (D:1)
  A giant cockroach (D:1)
  10 goblins
  2 hobgoblins (D:1)
  A jackal (D:1)
  3 frilled lizards (D:1)
  4 kobolds
  3 rats (D:1)
30 creatures vanquished.

Vanquished Creatures (collateral kills)
  A leopard gecko (D:1)
  2 jackals (D:1)
  A kobold (D:1)
  A frilled lizard (D:1)
  3 rats (D:1)
8 creatures vanquished.

Grand Total: 38 creatures vanquished

Notes
Turn   | Place    | Note
-------+----------+-------------------------------------------
     0 | D:1      | DogServant the Tengu Summoner began the quest for the Orb.
     0 | D:1      | Reached XP level 1. HP: 10/10 MP: 4/4
   577 | D:1      | Reached XP level 2. HP: 15/15 MP: 6/6
  1299 | D:1      | Reached XP level 3. HP: 13/19 MP: 7/7
  2304 | D:2      | Slain by a hound

Illustrated notes

Levels and vault maps discovered:
D:1:      lemuel_arrival_room, layout_basic
D:2:      layout_basic

Skill      XL: |  1  2  3 |
---------------+----------+-----
Dodging        | 3 4 |  4.2
Stealth        | |  2.0
Spellcasting   | |  2.0
Summonings     | |  4.9

Action                   || total
-------------------------++-------
Melee: Unarmed           ||     8
       Dagger            ||   133
       Kick              ||    19
       Peck              ||    16
 Cast: Summon Small Mamm ||    11
  Use: Potion            ||     2
 Stab: Sleeping          ||     3
Armor: Robe              ||     9
       Ring mail         ||    27
Dodge: Dodged            ||   104

Table legend: (Time is in decaauts)
 A = Elapsed time spent in this place.
 B = Non-inter-level travel time spent in this place.
 C = Inter-level travel time spent in this place.
 D = Time resting spent in this place.
 E = Time spent auto-exploring this place.
 F = Levels seen in this place.
 G = Mean time per level.
                   A        B        C        D        E       F      G
               +--------+--------+--------+--------+--------+-----+--------+
         Total |   2302 |   2242 |     60 |    953 |    887 |   2 | 1151.0 |
       Dungeon |   2302 |   2242 |     60 |    953 |    887 |   2 | 1151.0 |
               +--------+--------+--------+--------+--------+-----+--------+

Top non-repeatable levels by time:
     D:1: 1938 daAuts
     D:2: 364 daAuts
